AoeStats
← Tapwater2000

African Clearing

505150587Analyzed
2v2 RM · 24d ago on Sep 8, 2026· 46m 49s· 4 players
Game mode
Random Map
Map size
Medium (4 player)
Population
200
Speed
Normal
Resources
Standard
Victory
Conquest
Starting age
Dark Age
Ending age
Imperial Age
RankedLock teamsTeams togetherTeam positionsShared explorationLock speedFull tech treeHidden civsTurbo modeCheats
Victory
Defeat
🇺🇸 Japanese · United States
1630
+9
🇸🇪 Jurchens · Sweden
1604
+10
🇬🇹 Hindustanis · Guatemala
1517
-11
🇬🇹 Gurjaras · Guatemala
1413
-8
Zeroreasonz
10:23 Loom
12:38 Feudal Age
16:22 Castle Age
14:18 Double-Bit Axe
18:38 Bow Saw
21:14 Town Watch
26:25 Horse Collar
31:10 Wheelbarrow
30:23 Pikeman
32:02 Fletching
32:46 Ballistics
33:01 Squires
33:13 Bodkin Arrow
33:43 Padded Archer Armor
34:38 Thumb Ring
37:41 Imperial Age
36:30 Leather Archer Armor
37:23 Scale Mail Armor
37:43 Heavy Plow
37:36 Gold Mining
38:57 Parthian Tactics
39:19 Bracer
40:07 Heavy Cavalry Archer
41:02 Husbandry
42:44 Chemistry
43:17 Ring Archer Armor
42:14 Capped Ram
43:24 Bloodlines
44:04 Conscription
44:25 Chain Mail Armor
44:21 Forging
44:36 Masonry
45:42 Siege Engineers
45:19 Treadmill Crane
46:15 Plate Mail Armor
47:37 Gold Shaft Mining
Tapwater2000
9:55 Loom
13:57 Feudal Age
15:22 Double-Bit Axe
17:42 Castle Age
18:41 Bow Saw
19:23 Fletching
19:29 Town Watch
25:15 Bodkin Arrow
28:10 Wheelbarrow
30:21 Scale Barding Armor
31:00 Bloodlines
31:02 Forging
34:44 Chain Barding Armor
39:54 Imperial Age
38:36 Gold Mining
39:37 Iron Casting
41:16 Plate Barding Armor
40:15 Elite Iron Pagoda
40:57 Husbandry
42:43 Conscription
44:21 Blast Furnace
43:59 Hand Cart
44:06 Fortified Bastions
45:36 Gold Shaft Mining
46:16 Capped Ram
Chap1nziiiin
10:32 Loom
12:44 Feudal Age
14:22 Town Watch
17:09 Castle Age
15:25 Horse Collar
16:38 Double-Bit Axe
17:45 Fletching
19:05 Bodkin Arrow
21:42 Bow Saw
24:20 Padded Archer Armor
27:08 Ballistics
30:57 Husbandry
33:08 Wheelbarrow
35:47 Imperial Age
34:28 Gold Mining
35:26 Hand Cart
35:57 Gold Shaft Mining
36:38 Bloodlines
36:39 Bracer
37:41 Chemistry
37:17 Thumb Ring
37:28 Heavy Cavalry Archer
38:30 Leather Archer Armor
41:05 Ring Archer Armor
41:54 Scale Mail Armor
42:05 Forging
43:08 Chain Mail Armor
43:56 Conscription
44:13 Iron Casting
45:33 Squires
Itachi_+_+
4:37 Loom
13:42 Feudal Age
16:28 Town Watch
20:14 Castle Age
18:30 Double-Bit Axe
19:01 Horse Collar
20:24 Bloodlines
21:15 Husbandry
26:03 Scale Barding Armor
27:39 Wheelbarrow
28:14 Chain Barding Armor
32:21 Forging
37:36 Iron Casting
39:53 Gold Mining
44:35 Imperial Age
42:50 Heavy Plow
43:41 Fletching
45:10 Bodkin Arrow
45:30 Heavy Camel Rider
Connection lost

Rejoining the realm…

Still unreachable

The connection could not be restored.

Session expired

The server has moved on; the page needs a fresh start.